 Dungeon Crawl Stone Soup version 0.17-a0-1564-g7b572aa (webtiles) character file.

47517 patman the Carver (level 14, -3/106 HPs)
             Began as a Halfling Berserker on July 21, 2015.
             Was a High Priest of Trog.
             Slain by a komodo dragon (11 damage)
             ... on level 8 of the Lair of Beasts.
             The game lasted 00:53:54 (13867 turns).

patman the Carver (Halfling Berserker)             Turns: 13867, Time: 00:53:54

Health: -3/106     AC: 24    Str: 17    XL:     14   Next: 82%
Magic:  14/14      EV:  9    Int:  6    God:    Trog [*****.]
Gold:   671        SH:  7    Dex: 19    Spells: 0 memorised, 13 levels left

rFire  . . .     SeeInvis .     a - +6 falchion of Raemian {flame, Stlth+}
rCold  + . .     Clarity  .     M - +0 plate armour
rNeg   . . .     SustAt   .     j - +0 buckler
rPois  .         Gourm    .     (no helmet)
rElec  .         Spirit   .     l - +2 cloak
rCorr  .         Warding  .     K - +2 pair of gloves
rMut   .         Stasis   .     W - +0 pair of boots
MR     ++...                    (no amulet)
Stlth  ..........               Z - ring of protection from magic
                                L - ring of protection from cold

@: very resistant to hostile enchantments, extremely unstealthy
A: mutation resistance 1
a: Burn Spellbooks, Berserk, Trog's Hand, Brothers in Arms, Renounce Religion


You were on level 8 of the Lair of Beasts.
You worshipped Trog.
Trog was extremely pleased with you.
You were not hungry.

You visited 2 branches of the dungeon, and saw 19 of its levels.
You also visited: Volcano.

You collected 927 gold pieces.
You spent 256 gold pieces at shops.

Inventory:

Hand weapons
 a - the +6 falchion of Raemian (weapon) {flame, Stlth+}
   (You found it on level 7 of the Dungeon)

   It has been specially enchanted to burn those struck by it, causing extra
   injury to most foes and up to half again as much damage against particularly
   susceptible opponents.
   Big, fiery blades are also staple armaments of hydra-hunters.
   It makes you more stealthy.
 u - a +0 blowgun
 P - a +5 antimagic falchion
Missiles
 d - 3 throwing nets (quivered)
 t - 24 tomahawks
 v - 48 poisoned needles
Armour
 j - a +0 buckler (worn)
 l - a +2 cloak (worn)
 K - a +2 pair of gloves (worn)
 M - a +0 plate armour (worn)
 W - a +0 pair of boots (worn)
Jewellery
 L - a ring of protection from cold (left hand)
 X - an uncursed ring of ice
 Z - a ring of protection from magic (right hand)
Magical devices
 r - a wand of cold (9)
 E - a wand of cold (10)
 H - a wand of draining (7)
 N - a wand of teleportation (1)
 Q - a wand of polymorph (3)
Scrolls
 e - 2 scrolls of remove curse
 m - 5 scrolls of teleportation
 n - 2 scrolls of magic mapping
 o - 3 scrolls of immolation
 x - 2 scrolls of recharging
 y - 2 scrolls of fear
 J - a scroll of holy word
 O - 3 scrolls of blinking
 T - 3 scrolls of enchant weapon
Potions
 f - 2 potions of lignification
 g - 2 potions of magic
 h - 2 potions of flight {unknown}
 i - a potion of might {unknown}
 s - 3 potions of haste
 z - 3 potions of resistance
 C - 3 potions of ambrosia
 F - 6 potions of curing
 G - 3 potions of brilliance
 I - a potion of berserk rage {unknown}
 S - 2 potions of agility
 V - a potion of degeneration {unknown}
Books
 w - a book of Clouds

   Spells                             Type                      Level
   a - Mephitic Cloud                 Conjuration/Poison/Air       3
   b - Conjure Flame                  Conjuration/Fire             3
   c - Poisonous Cloud                Conjuration/Poison/Air       6
   d - Freezing Cloud                 Conjuration/Ice/Air          6
   e - Ring of Flames                 Charms/Fire                  7
   Trog disapproves of the use of such an item.
 R - a book of Unlife

   Spells                             Type                      Level
   a - Recall                         Summoning/Translocation      3
   b - Animate Dead                   Necromancy                   4
   c - Control Undead                 Necromancy                   4
   d - Cigotuvi's Embrace             Necromancy                   5
   e - Death Channel                  Necromancy                   6
   f - Simulacrum                     Ice/Necromancy               6
   Trog disapproves of the use of such an item.
 U - a book of Conjurations

   Spells                             Type                      Level
   a - Magic Dart                     Conjuration                  1
   b - Searing Ray                    Conjuration                  2
   c - Dazzling Spray                 Conjuration/Hexes            3
   d - Fulminant Prism                Conjuration/Hexes            4
   e - Iskenderun's Mystic Blast      Conjuration                  4
   f - Iskenderun's Battlesphere      Conjuration/Charms           5
   Trog disapproves of the use of such an item.
 Y - a book of Frost

   Spells                             Type                      Level
   a - Freeze                         Ice                          1
   b - Throw Frost                    Conjuration/Ice              2
   c - Ozocubu's Armour               Charms/Ice                   3
   d - Throw Icicle                   Conjuration/Ice              4
   e - Summon Ice Beast               Ice/Summoning                4
   f - Condensation Shield            Ice                          4
   Trog disapproves of the use of such an item.
Miscellaneous
 k - a stone of tremors
Comestibles
 b - 3 meat rations
 c - 7 bread rations
 p - 28 fruits
 A - a beef jerky
 D - 11 chunks of flesh


   Skills:
 * Level 13.1 Fighting
 - Level 14.9 Long Blades
 + Level 13.3 Armour
 - Level 2.1 Dodging
 - Level 6.1 Shields


You had 13 spell levels left.
You didn't know any spells.

Dungeon Overview and Level Annotations

Branches:
Dungeon (11/15)            Temple (0/1) D:6            Lair (8/8) D:11
  Slime (0/6) Lair:7
  Swamp: Lair:3-6    Shoals: Lair:3-6     Snake: Lair:3-6    Spider: Lair:3-6
    Orc: D:9-12

Altars:
Elyvilon
Kikubaaqudgha
Makhleb
Ru
Sif Muna
Trog
Xom
Yredelemnul

Shops:
D:4 (   D:9 *

Annotations:
D:3 namelastname112's ghost, average DrSk


Innate Abilities, Weirdness & Mutations

You are small and have problems with some larger weapons.
You are somewhat resistant to further mutation.


Message History

Drop what? 51/52 slots (_ for help) (? for menu, Esc to quit)
You drop a legendary deck of wonders {Dowsing}.
A komodo dragon comes into view.
The komodo dragon hisses angrily.
You are too injured to fight recklessly!
You are too injured to fight recklessly!
You are too injured to fight recklessly!
You are too injured to fight recklessly!
You slash the komodo dragon! You burn the komodo dragon.
The komodo dragon is moderately wounded.
The komodo dragon closely misses you.
You hit the komodo dragon. You burn the komodo dragon.
The komodo dragon is moderately wounded.
You slash the komodo dragon! You burn the komodo dragon.
The komodo dragon is heavily wounded.
The komodo dragon bites you!!
* * * LOW HITPOINT WARNING * * *
Drink which item? (? for menu, Esc to quit)
You feel better. The komodo dragon bites you!
You die...

....... .... .... .......
.... ....# ....... ....
....#.. ....... ... ....
...#..P# ##..... P....
.... ......P# ##......
..... ....
.......##........## ..P#
....
......P..#..PP.##l##..###
....
8...........PP.#@##...#.#
P...
....P......PPP..#......###
P...
....#PP....PP##.#........#
....
.....P.....P..##.#.......#
..
........................##
..
.###......................
. ##
####................... .
.## #.............}.......
..####.†..P............P..


You could see a komodo dragon.

Vanquished Creatures
  An orc warlord (D:8)
  Fannar (D:10)
  4 hydras
  3 catoblepae (Lair:8)
  16 death yaks
  Pikel (D:5)
  3 orc knights (D:8)
  12 elephants
  10 spiny frogs
  A torpor snail (Lair:3)
  5 black mambas
  The ghost of herpmino the Chopper, an experienced FoFi (D:5)
  4 komodo dragons
  2 trolls
  2 polar bears
  A fire drake (D:11)
  11 blink frogs
  A two-headed ogre (D:10)
  A deep elf mage (D:11)
  2 flying skulls (Volcano)
  7 hippogriffs
  2 vampires (Volcano)
  2 basilisks
  A shadow (D:11)
  Grum (Lair:1)
  18 yaks
  4 wargs (D:8)
  10 wolves
  18 water moccasins
  4 porcupines
  Duvessa (D:7)
  4 orc warriors
  6 ogres
  A phantom (D:4)
  4 ice beasts
  A slave (D:5)
  3 sky beasts
  3 centaurs
  2 big kobolds (D:9)
  12 crocodiles
  A gnoll sergeant (D:9)
  Dowan (D:7)
  11 giant frogs
  2 scorpions
  7 hounds
  4 crimson imps
  A giant frog zombie (D:9)
  A jelly (D:11)
  9 orc priests
  A giant frog skeleton (D:10)
  Jessica (D:3)
  A centaur skeleton (D:8)
  4 gnoll shamans (D:9)
  Natasha (thrice) (D:4)
  6 iguanas
  9 orc wizards
  20 sheep
  6 worker ants
  A hound zombie (D:6)
  A mummy (Volcano)
  21 gnolls
  7 adders
  43 river rats
  3 shadow imps
  A worm (D:2)
  2 adder skeletons
  4 giant geckos
  65 orcs
  3 ball pythons
  10 bats
  2 bat skeletons
  5 giant cockroaches
  10 goblins
  9 hobgoblins
  15 jackals
  15 kobolds
  4 quokkas
  3 giant newts
  A quokka zombie (D:5)
  8 rats
  A fungus (Lair:5)
508 creatures vanquished.

Vanquished Creatures (collateral kills)
  3 death yaks (Lair:5)
  Maurice (D:8)
  A polar bear (Lair:2)
  5 wolves (Lair:2)
  A water moccasin (D:8)
  An orc warrior (D:8)
  A crocodile (Lair:2)
  An iguana (Lair:2)
  3 orcs (D:8)
  A rat (D:8)
18 creatures vanquished.

Vanquished Creatures (others)
  A goblin (D:5)
  8 fungi
  7 plants
16 creatures vanquished.

Grand Total: 542 creatures vanquished

Notes
Turn   | Place    | Note
--------------------------------------------------------------
     0 | D:1      | patman the Halfling Berserker began the quest for the Orb.
     0 | D:1      | Reached XP level 1. HP: 15/15 MP: 1/1
   107 | D:1      | Reached XP level 2. HP: 8/20 MP: 2/2
   407 | D:2      | Reached skill level 4 in Long Blades
   407 | D:2      | Reached XP level 3. HP: 16/25 MP: 3/3
   427 | D:2      | Acquired Trog's second power
   476 | D:2      | Found a bloodstained altar of Trog.
   541 | D:2      | Found a shimmering altar of Xom.
   704 | D:2      | Reached XP level 4. HP: 30/30 MP: 4/4
   893 | D:2      | Reached skill level 1 in Shields
  1121 | D:3      | Noticed Jessica
  1141 | D:3      | Killed Jessica
  1263 | D:3      | Noticed namelastname112's ghost (average DrSk)
  1316 | D:3      | HP: 1/30 [namelastname112's ghost (6)]
  1401 | D:4      | Reached XP level 5. HP: 28/35 MP: 5/5
  1605 | D:4      | Noticed an ogre
  1629 | D:4      | Found a burning altar of Makhleb.
  1647 | D:4      | Reached skill level 5 in Long Blades
  1694 | D:4      | Noticed Natasha
  1748 | D:4      | Killed Natasha
  1748 | D:4      | Reached XP level 6. HP: 35/41 MP: 6/6
  1821 | D:4      | Noticed Natasha
  1832 | D:4      | Killed Natasha
  1903 | D:4      | Reached skill level 6 in Long Blades
  2020 | D:4      | Noticed a phantom
  2063 | D:5      | Entered Level 5 of the Dungeon
  2142 | D:5      | Noticed a slave
  2143 | D:5      | Noticed a slave
  2176 | D:5      | Killed a slave
  2208 | D:4      | Killed a phantom
  2208 | D:4      | Reached XP level 7. HP: 9/45 MP: 7/7
  2278 | D:4      | Found Pyxtat's Weapon Boutique.
  2314 | D:4      | Bought a +1 falchion of flaming for 136 gold pieces
  2361 | D:4      | Reached skill level 7 in Long Blades
  2379 | D:4      | Acquired Trog's third power
  2409 | D:4      | Noticed Natasha
  2414 | D:4      | Killed Natasha
  2464 | D:5      | Noticed herpmino's ghost (experienced FoFi)
  2496 | D:5      | Killed herpmino's ghost
  2496 | D:5      | Reached skill level 8 in Long Blades
  2496 | D:5      | Reached XP level 8. HP: 41/51 MP: 8/8
  2518 | D:5      | Noticed Pikel
  2538 | D:5      | Noticed a slave
  2540 | D:5      | Noticed a slave
  2549 | D:5      | Killed Pikel
  2549 | D:5      | Reached skill level 9 in Long Blades
  2615 | D:5      | Noticed an ice beast
  2619 | D:5      | Killed an ice beast
  2619 | D:5      | Reached skill level 10 in Long Blades
  2871 | D:5      | Reached XP level 9. HP: 52/55 MP: 9/9
  3219 | D:4      | Killed an ogre
  3475 | D:6      | Found a staircase to the Ecumenical Temple.
  3534 | D:6      | Reached skill level 11 in Long Blades
  4270 | D:7      | Found a deep blue altar of Sif Muna.
  4402 | D:7      | Got a pitted falchion
  4408 | D:7      | Identified the +6 falchion of Raemian {flame, Stlth+} (You found it on level 7 of the Dungeon)
  4458 | D:7      | Reached skill level 12 in Long Blades
  4460 | D:7      | Noticed Duvessa
  4474 | D:7      | Noticed Dowan
  4480 | D:7      | Killed Duvessa
  4489 | D:7      | Killed Dowan
  4691 | D:7      | Found a basalt altar of Yredelemnul.
  4820 | D:8      | Reached XP level 10. HP: 61/61 MP: 10/10
  4884 | D:8      | Reached skill level 13 in Long Blades
  5144 | D:8      | Noticed an orc knight
  5167 | D:8      | Killed an orc knight
  5210 | D:8      | Received a gift from Trog
  5266 | D:8      | Noticed an orc knight
  5444 | D:8      | Killed an orc knight
  5444 | D:8      | Reached skill level 14 in Long Blades
  5465 | D:8      | Noticed Maurice
  5480 | D:8      | Noticed an azure jelly
  5480 | D:8      | an iron troll changed into an azure jelly
  5482 | D:8      | Killed Maurice
  5528 | D:8      | Noticed an orc warlord
  5553 | D:8      | Killed an orc warlord
  5553 | D:8      | Reached XP level 11. HP: 62/66 MP: 11/11
  5737 | D:8      | Noticed an orc knight
  5748 | D:8      | Killed an orc knight
  6013 | D:9      | Found Doazeech's General Store.
  6021 | D:9      | Bought a scroll of enchant weapon for 120 gold pieces
  6140 | D:9      | Reached skill level 5 in Shields
  6142 | D:9      | Found an ancient bone altar of Kikubaaqudgha.
  6441 | D:10     | Entered Level 10 of the Dungeon
  6551 | D:10     | Noticed Fannar
  6576 | D:10     | Killed Fannar
  6680 | D:9      | Reached skill level 5 in Fighting
  6726 | D:9      | Found a white marble altar of Elyvilon.
  7241 | D:9      | Received a gift from Trog
  7760 | D:11     | Found a staircase to the Lair.
  7808 | Lair:1   | Entered Level 1 of the Lair of Beasts
  7832 | Lair:1   | Got a steaming leather armour
  7861 | Lair:1   | Identified the +2 leather armour "Zajequil" {Slay+2} (You found it on level 1 of the Lair of Beasts)
  7962 | Lair:1   | Reached skill level 5 in Armour
  7977 | Lair:1   | Reached XP level 12. HP: 36/80 MP: 12/12
  8010 | Lair:1   | Found a dark tunnel.
  8180 | Volcano  | Entered a volcano
  8744 | Lair:1   | Noticed Grum
  8755 | Lair:1   | Killed Grum
  8772 | Lair:1   | Got a colourful robe
  8783 | Lair:1   | Identified the +1 robe of Qaam {+Inv rN+ MR+} (You took it off Grum on level 1 of the Lair of Beasts)
  8833 | Lair:1   | Noticed a five-headed hydra
  8845 | Lair:1   | Killed a one-headed hydra
  9558 | Lair:2   | Received a gift from Trog
  9657 | Lair:3   | Found a sacrificial altar of Ru.
  9978 | Lair:5   | Noticed a death yak
  9980 | Lair:5   | Noticed a death yak
  9981 | Lair:5   | Noticed a death yak
  9981 | Lair:5   | Noticed a death yak
  9986 | Lair:5   | Killed a death yak
  9989 | Lair:5   | Killed a death yak
  9989 | Lair:5   | Reached XP level 13. HP: 57/90 MP: 13/13
  9997 | Lair:5   | Killed a death yak
 10002 | Lair:5   | Killed a death yak
 10239 | Lair:4   | Reached skill level 10 in Armour
 10640 | Lair:5   | Reached skill level 10 in Fighting
 11118 | Lair:4   | Received a gift from Trog
 11700 | Lair:7   | Found a staircase to the Slime Pits.
 12055 | Lair:7   | Received a gift from Trog
 12229 | Lair:8   | Entered Level 8 of the Lair of Beasts
 12495 | Lair:8   | Reached XP level 14. HP: 99/101 MP: 14/14
 13865 | Lair:8   | HP: 2/106 [komodo dragon (20)]
 13867 | Lair:8   | Slain by a komodo dragon

Vault maps used:
D:1:      lightli_arrival_maybe_door_vault, lexackson_kobold_supper
D:2:      lightli_temple_of_fire, nicolae_overflow_hidden_temple
D:3:      old_standard_altar, first_bread, uniq_jessica
D:4:      makhleb_blood_cavern_becter, serial_shops, shop, st_stairs_4,
          uniq_natasha
D:5:      uniq_pikel
D:6:      minmay_temple_entry_mist
D:7:      overflow_temple_1_default, basic_altar, uniq_duvessa
D:8:      lemuel_castle_with_subvaults, uniq_maurice
D:9:      kennysheep_seaside_town, lemuel_doored_altar, lemuel_crystal_altar,
          serial_shops, shop
D:10:     mumra_celtic_spiral_tile, orc_0_dummy, uniq_fannar
D:11:     minmay_lair_entry_lava
Lair:1:   nicolae_volcano_entry_lava_flow, uniq_grum
Lair:3:   basic_altar, lemuel_fruit_fields
Lair:4:   forest_paths
Lair:5:   grunt_megastairs_2
Lair:6:   shoals_dummy_entry, nicolae_lair_yak_garden, infiniplex_staircase_pool
Lair:7:   dpeg_slime_entry_corner, st_stairs_6
Lair:8:   evilmike_catoblepas_cave, lemuel_fruit_tree
Volcano:  volcano_tomb

Action                   |  1- 3 |  4- 6 |  7- 9 | 10-12 | 13-15 || total
-------------------------+-------+-------+-------+-------+-------++-------
Melee: Falchion          |   105 |    63 |   113 |   868 |   791 ||  1940
       Dagger            |       |   229 |   263 |       |       ||   492
Throw: Throwing net      |       |       |       |     3 |       ||     3
Invok: Berserk           |     1 |     5 |     3 |     7 |     5 ||    21
       Brothers in Arms  |       |       |       |     4 |     2 ||     6
       Trog's Hand       |       |       |       |       |     3 ||     3
  Use: Scroll            |     1 |     5 |     7 |     8 |     4 ||    25
       Potion            |       |     3 |       |       |     3 ||     6
 Stab: Distracted        |       |       |       |     2 |       ||     2
       Held in net/web   |       |       |       |     2 |       ||     2
       Petrified         |       |       |       |       |     1 ||     1
  Eat: Chunk             |       |     3 |     6 |    13 |    17 ||    39
       Bread ration      |       |     1 |     1 |       |       ||     2
       Royal jelly       |       |     1 |       |       |       ||     1
       Pizza             |       |       |     1 |       |       ||     1
       Meat ration       |       |       |     1 |     1 |       ||     2
       Beef jerky        |       |       |       |     1 |     2 ||     3
       Fruit             |       |       |       |     1 |       ||     1
